 Dungeon Crawl Stone Soup version 0.31-a0-963-ga325b2283a (webtiles) character file.

Game seed: 12034520891239370456

126 IdlyInterested the Trooper (level 4, -2/38 HPs)
             Began as a Demonspawn Fighter on Oct 24, 2023.
             Slain by a hobgoblin (4 damage)
             ... on level 3 of the Dungeon.
             The game lasted 00:06:17 (1955 turns).

IdlyInterested the Trooper (Demonspawn Fighter)     Turns: 1955, Time: 00:06:17

Health: -2/38      AC: 13    Str: 16 (17) XL:     4   Next: 83%
Magic:  13/13      EV:  4    Int:  9      God:
Gold:   90         SH:  4    Dex: 12 (14) Spells: 3/3 levels left

rFire   . . .        e - +1 spear
rCold   . . .        b - +0 buckler
rNeg    . . .        i - +1 plate armour
rPois   .            (no helmet)
rElec   .            (no cloak)
rCorr   .            (no gloves)
SInv    .            n - +0 pair of boots
Will    .....        (no amulet) Stlth
                     h - ring of magical power
HPRegen 0.26/turn    (no ring)
MPRegen 0.13/turn

%: no passive effects
@: mighty
A: ignite blood 2
a: no special abilities


You were on level 3 of the Dungeon.
You visited 1 branch of the dungeon, and saw 3 of its levels.

You collected 90 gold pieces.

Inventory:

Hand Weapons
 d - a +4 dagger of pain
 e - a +1 spear (weapon)
Missiles
 j - 16 stones (quivered)
 o - 5 atropa-tipped darts
 q - 4 boomerangs
Armour
 a - a +0 scale mail
 b - a +0 buckler (worn)
 i - a +1 plate armour (worn)
 n - a +0 pair of boots (worn)
Jewellery
 h - a ring of magical power (left hand)
Scrolls
 f - a scroll of blinking
 g - a scroll of immolation
 l - 2 scrolls of teleportation
 p - 2 scrolls of enchant armour
Potions
 k - 2 potions of curing


   Skills:
 + Level 4.8 Fighting
 - Level 1.0 Throwing
 - Level 3.0 Armour
 - Level 1.0 Dodging
 - Level 2.6 Shields
 - Level 1.7 Unarmed Combat
 - Level 1.0 Evocations


You had 3 spell levels left.
You didn't know any spells.
Your spell library was empty.

Dungeon Overview and Level Annotations

Branches:
Dungeon (3/15)

Altars:


Innate Abilities, Weirdness & Mutations

Your demonic aura often causes spilled blood to erupt in flames.


Message History

The gnoll hits you but does no damage.
Unknown command.
You hit the gnoll.
You kill the gnoll!
You block the kobold brigand's attack.
The hobgoblin hits you but does no damage.
The gnoll hits you with a +0 club.
You feel your intelligence returning.
You feel very mighty all of a sudden.
The kobold brigand hits you but does no damage.
A gnoll comes into view. It is wielding a +0 club.
The hobgoblin hits you but does no damage.
You block the gnoll's attack.
You barely miss the kobold brigand.
The gnoll shouts!
The hobgoblin barely misses you. The gnoll hits you but does no damage.
You barely miss the kobold brigand.
The kobold brigand hits you but does no damage.
The kobold hits you but does no damage. The gnoll hits you but does no damage.
The hobgoblin hits you. The gnoll hits you with a +0 club.
The kobold brigand hits you but does no damage.
The kobold hits you but does no damage.
The gnoll hits you from afar with a +0 spear.
* * * LOW HITPOINT WARNING * * *
You closely miss the kobold brigand. The gnoll hits you with a +0 club.
* * * LOW HITPOINT WARNING * * *
You block the hobgoblin's attack.
The kobold brigand hits you but does no damage.
A kobold comes into view. It is wielding a +0 club.
The kobold hits you but does no damage.
The gnoll hits you from afar with a +0 spear.
* * * LOW HITPOINT WARNING * * *
The hobgoblin hits you but does no damage.
The gnoll hits you but does no damage.
Unknown command.
You barely miss the kobold brigand.
The kobold brigand hits you but does no damage.
The kobold hits you but does no damage. The gnoll hits you but does no damage.
The hobgoblin hits you.
You die...

################## #.
...........#...... #.
...........')).... '##..
...........####### .....
########..........
....gK #..........
.K..gK########..........
' #.gKg.)........#######
#.KKg@)........)......
#..gKK.........#......
######################


You could see a kobold brigand, 5 gnolls, a hobgoblin and 7 kobolds.

Vanquished Creatures
  Jessica (D:2)
  2 gnolls (D:3)
  2 adders (D:2)
  A worm (D:2)
  3 dart slugs
  5 bats
  3 endoplasms
  4 giant cockroaches
  7 goblins
  2 hobgoblins (D:1)
  5 jackals (D:1)
  7 kobolds
  A quokka (D:2)
  2 ball pythons (D:1)
  2 frilled lizards (D:1)
  3 rats (D:2)
50 creatures vanquished.

Notes
Turn   | Place    | Note
-------+----------+-------------------------------------------
     0 | D:1      | IdlyInterested the Demonspawn Fighter began the quest for
                  | the Orb.
     0 | D:1      | Reached XP level 1. HP: 18/18 MP: 1/1
   243 | D:1      | Gained mutation: Your demonic aura sometimes causes spilled
                  | blood to erupt in flames. [demonic ancestry]
   243 | D:1      | Reached XP level 2. HP: 24/24 MP: 2/2
   422 | D:1      | Reached skill level 4 in Fighting
   872 | D:2      | Gained mutation: Your demonic aura often causes spilled
                  | blood to erupt in flames. [demonic ancestry]
   872 | D:2      | Reached XP level 3. HP: 30/30 MP: 3/3
  1042 | D:2      | Noticed Jessica
  1045 | D:2      | Killed Jessica
  1046 | D:2      | Reached skill level 1 in Dodging
  1128 | D:2      | Reached XP level 4. HP: 38/38 MP: 4/4
  1349 | D:2      | Reached skill level 1 in Throwing
  1940 | D:3      | Reached skill level 1 in Evocations
  1941 | D:3      | Noticed a kobold brigand
  1955 | D:3      | Slain by a hobgoblin

Illustrated notes

Levels and vault maps discovered:
D:1:      dpeg_arrival_shelter, layout_basic
D:2:      layout_loops_corners, uniq_jessica
D:3:      minmay_goblin_kobold_castle, layout_basic

Skill      XL: |  1  2  3  4 |
---------------+-------------+-----
Fighting       | 4 |  4.8
Armour         | 3 |  3.0
Dodging        | 1 |  1.0
Throwing       | 1 |  1.0
Evocations     | 1 |  1.0
Shields        | |  2.6
Unarmed Combat | |  1.7

Action                     |  1- 3 |  4- 6 || total
---------------------------+-------+-------++-------
  Melee: Unarmed           |   122 |       ||   122
         Spear             |    17 |    70 ||    87
    Use: Scroll            |     4 |     1 ||     5
         Potion            |       |     3 ||     3
 Armour: Scale mail        |    26 |       ||    26
         Plate armour      |    70 |    92 ||   162
         Skin              |     5 |       ||     5
  Dodge: Dodged            |    33 |    16 ||    49
  Block: Buckler           |    32 |    21 ||    53

Table legend: (Time is in decaauts)
 A = Elapsed time spent in this place.
 B = Non-inter-level travel time spent in this place.
 C = Inter-level travel time spent in this place.
 D = Time resting spent in this place.
 E = Time spent auto-exploring this place.
 F = Levels seen in this place.
 G = Mean time per level.
                   A        B        C        D        E       F      G
               +--------+--------+--------+--------+--------+-----+--------+
         Total |   1967 |   1739 |    228 |    134 |    961 |   3 |  655.7 |
       Dungeon |   1967 |   1739 |    228 |    134 |    961 |   3 |  655.7 |
               +--------+--------+--------+--------+--------+-----+--------+

Top non-repeatable levels by time:
     D:2: 996 daAuts
     D:1: 844 daAuts
     D:3: 125 daAuts
